AoeStats
← Eugenius

Black Forest

508520874Analyzed
4v4 RM · 10d ago on Sep 22, 2026· 34m 52s· 8 players
Game mode
Random Map
Map size
Large (8 player)
Population
200
Speed
Normal
Resources
Standard
Victory
Conquest
Starting age
Dark Age
Ending age
Imperial Age
RankedLock teamsTeams togetherTeam positionsShared explorationLock speedFull tech treeHidden civsTurbo modeCheats
Victory
Defeat
🇮🇹 Random · Italy
1707
+17
🇮🇹 Random · Italy
1688
+18
🇮🇹 Britons · Italy
1677
+18
🇮🇹 Random · Italy
1607
+21
🇺🇸 Italians · United States
1811
-22
🇵🇪 Ethiopians · Peru
1718
-18
1698
-17
🇲🇽 Gurjaras · Mexico
1691
-17
Dott_Berlu
6:04 Loom
11:22 Feudal Age
12:39 Double-Bit Axe
15:02 Castle Age
12:53 Horse Collar
15:56 Bow Saw
17:36 Wheelbarrow
19:22 Heavy Plow
21:02 Gold Mining
22:21 Bloodlines
22:38 Husbandry
22:45 Scale Barding Armor
24:11 Chain Barding Armor
27:05 Forging
31:03 Imperial Age
30:06 Iron Casting
30:04 Hand Cart
29:35 Town Watch
31:09 Vendel Legacy
31:15 Cavalier
32:38 Plate Barding Armor
35:22 Blast Furnace
Malelf
0:58 Loom
11:37 Feudal Age
12:03 Double-Bit Axe
14:15 Horse Collar
14:21 Horse Collar
18:21 Castle Age
16:36 Horse Collar
19:21 Wheelbarrow
30:59 Bow Saw
31:38 Heavy Plow
Cagata Sonante
8:33 Loom
11:09 Feudal Age
12:58 Double-Bit Axe
13:01 Horse Collar
15:42 Castle Age
17:17 Bow Saw
17:38 Heavy Plow
18:49 Wheelbarrow
21:04 Gold Mining
30:29 Imperial Age
27:45 Loom
29:16 Gold Shaft Mining
28:33 Stone Mining
29:50 Pikeman
30:30 Squires
31:39 Scale Mail Armor
31:50 Forging
33:15 Conscription
34:22 Halberdier
GdR_Scugo
0:53 Loom
0:58 Loom
9:48 Feudal Age
14:37 Double-Bit Axe
17:13 Castle Age
15:22 Horse Collar
18:33 Bow Saw
19:19 Wheelbarrow
23:28 Fletching
28:56 Imperial Age
26:33 Gold Mining
27:19 Heavy Plow
28:16 Gold Shaft Mining
28:08 Bodkin Arrow
28:55 Padded Archer Armor
29:23 Ballistics
30:02 Conscription
29:55 Bracer
32:18 Chemistry
32:56 Treadmill Crane
33:09 Elite Longbowman
33:56 Squires
quesarito
0:27 Loom
12:08 Feudal Age
12:34 Double-Bit Axe
16:45 Horse Collar
19:30 Fletching
19:41 Padded Archer Armor
25:37 Castle Age
26:15 Bodkin Arrow
26:27 Thumb Ring
26:42 Crossbowman
28:12 Ballistics
28:25 Gold Mining
30:26 Leather Archer Armor
32:42 Wheelbarrow
32:09 Heavy Plow
34:09 Hand Cart
Eugenius
9:20 Feudal Age
10:49 Fletching
15:00 Loom
21:04 Castle Age
21:06 Crossbowman
21:44 Bodkin Arrow
22:39 Padded Archer Armor
27:28 Horse Collar
29:28 Fortified Wall
§Y¶# Ä
8:43 Loom
12:26 Feudal Age
17:01 Castle Age
17:06 Double-Bit Axe
17:04 Horse Collar
25:54 Redemption
28:06 Husbandry
28:16 Bloodlines
28:43 Scale Barding Armor
31:56 Bloodlines
33:35 Forging
CTM | חב"ד ליובאוויט
10:14 Feudal Age
16:27 Castle Age
15:18 Horse Collar
16:58 Bloodlines
17:25 Scale Barding Armor
19:22 Fervor
18:54 Light Cavalry
20:40 Husbandry
23:09 Chain Barding Armor
24:45 Forging
31:22 Imperial Age
29:45 Wheelbarrow
29:47 Loom
29:47 Town Watch
32:25 Iron Casting
31:26 Cavalier
32:44 Plate Barding Armor
32:04 Gold Mining
33:33 Hand Cart
35:18 Iron Casting
Connection lost

Rejoining the realm…

Still unreachable

The connection could not be restored.

Session expired

The server has moved on; the page needs a fresh start.